 Dungeon Crawl Stone Soup version 0.25.0-26-g0c896c7088 (webtiles) character file.

Game seed: 5571496482512779962

553 Ethylacetat the Stinger (level 7, -3/55 HPs)
             Began as a Naga Venom Mage on July 4, 2020.
             Slain by a bullfrog zombie (6 damage)
             ... on level 5 of the Dungeon.
             The game lasted 00:15:51 (5177 turns).

Ethylacetat the Stinger (Naga Venom Mage)           Turns: 5177, Time: 00:15:52

Health: -3/55      AC:  3    Str: 10    XL:     7   Next: 29%
Magic:  0/21       EV: 10    Int: 17    God:
Gold:   137        SH:  0    Dex: 12    Spells: 8/13 levels left

rFire    . . .     SeeInvis +   (no weapon)
rCold    + . .     Gourm    .   (no shield)
rNeg     . . .     Faith    .   a - +0 robe
rPois    +         Spirit   .   h - +0 hat
rElec    .         Reflect  .   (no cloak)
rCorr    .         Harm     .   (no gloves)
MR       .....                  (no barding)
Stlth    ++........             (no amulet)
HPRegen  0.18/turn              g - ring of protection from cold
MPRegen  0.17/turn              i - ring of magical power

@: very slow
A: large, see invisible, deformed body, poison resistance, slowness 2, slow
metabolism 1, spit poison 1, AC +2
a: Spit Poison


You were on level 5 of the Dungeon.
You were hungry.

You visited 1 branch of the dungeon, and saw 5 of its levels.

You collected 137 gold pieces.

Inventory:

Armour
 a - a +0 robe (worn)
 h - a +0 hat (worn)
 v - a +2 ring mail of cold resistance
Jewellery
 g - a ring of protection from cold (left hand)
 i - a ring of magical power (right hand)
 p - an uncursed ring of positive energy
Wands
 s - a wand of paralysis (6)
Scrolls
 b - a scroll of amnesia {unknown}
 d - 4 scrolls of remove curse {unknown}
 e - 2 scrolls of teleportation {unknown}
 f - 9 scrolls of identify {unknown}
 k - 2 scrolls of noise {unknown}
 l - 2 scrolls of random uselessness {unknown}
 m - a scroll of immolation {unknown}
 o - a scroll of blinking {unknown}
Potions
 j - 2 potions of curing {unknown}
 n - a potion of stabbing {unknown}
 q - a potion of mutation {unknown}
 t - a potion of ambrosia {unknown}
 u - a potion of berserk rage {unknown}
Comestibles
 c - 9 rations


   Skills:
 - Level 1.5 Dodging
 - Level 3.0 Stealth
 + Level 3.6 Spellcasting
 + Level 4.5 Transmutations
 * Level 7.5 Poison Magic


You had 8 spell levels left.
You knew the following spells:

 Your Spells              Type           Power        Failure   Level  Hunger
a - Sting                 Tmut/Pois      ###.         1%          1    None
b - Olgreb's Toxic Radia  Pois           ####....     8%          4    ####...

Your spell library contained the following spells:

 Spells                   Type           Power        Failure   Level  Hunger
 Poisonous Vapours        Pois/Air       ###...       5%          2    ##.....
 Ignite Poison            Fire/Tmut/Pois ###.....     10%         3    ###....
 Mephitic Cloud           Conj/Pois/Air  ##......     17%         3    ###....


Dungeon Overview and Level Annotations

Branches:
Dungeon (5/15)
 Temple: D:4-7

Altars:
Dithmenos
Fedhas
Hepliaklqana
Kikubaaqudgha

Shops:
D:4 [[


Innate Abilities, Weirdness & Mutations

You cannot wear boots.
Your serpentine skin is tough. (AC +2)
You have supernaturally acute eyesight. (SInv)
Armour fits poorly on your strangely shaped body.
Your system is resistant to poisons. (rPois)
You cover ground very slowly.
You have a slow metabolism.
You can spit poison.


Message History

You closely miss the bullfrog zombie.
The bullfrog zombie is almost destroyed.
The bullfrog zombie closely misses you. The bullfrog zombie misses you.
You hit the bullfrog zombie.
The bullfrog zombie is almost destroyed.
You are feeling hungry.
The bullfrog zombie hits you.
* * * LOW HITPOINT WARNING * * *
The bullfrog zombie hits you but does no damage.
Casting: Sting (safe; 1% risk of failure)
Confirm with . or Enter, or press ? or * to list all spells.
Aiming: Sting (safe; 1% risk of failure)
Press: ? - help, Shift-Dir - straight line, f/p - bullfrog zombie
Aim: a bullfrog zombie (almost destroyed)
The sting hits the bullfrog zombie.
The bullfrog zombie partially resists.
The bullfrog zombie is almost destroyed.
The bullfrog zombie hits you.
* * * LOW HITPOINT WARNING * * *
The bullfrog zombie hits you.
You die...

### #. ..# #.# #.#
...# #.# #.# ...
#.# #.# [.# #.# #.#
.. ##.## #.#
##.##...######<#
.#. ...#..@.......#
.....#.##Z.########
#...†..## #...###.#
....# ...# ..#
#.#.# # #. .# #. .#
#. .#


You could see a bullfrog zombie.

Vanquished Creatures
  A bullfrog skeleton (D:4)
  2 hounds
  6 orc priests
  3 orc wizards (D:4)
  An iguana (D:4)
  5 adders
  2 worms
  2 leopard geckos
  18 orcs
  2 ball pythons (D:3)
  3 bat zombies (D:3)
  5 giant cockroaches
  7 goblins
  8 hobgoblins
  20 jackals
  5 kobolds
  2 quokkas (D:3)
  6 bats
  5 frilled lizards
  A leopard gecko skeleton (D:4)
  9 rats
  3 rat zombies (D:3)
116 creatures vanquished.

Notes
Turn   | Place    | Note
-------+----------+-------------------------------------------
     0 | D:1      | Ethylacetat the Naga Venom Mage began the quest for the
                  | Orb.
     0 | D:1      | Reached XP level 1. HP: 15/15 MP: 3/3
   422 | D:1      | Reached XP level 2. HP: 22/22 MP: 5/5
  1232 | D:1      | Reached XP level 3. HP: 24/28 MP: 6/6
  2068 | D:2      | Reached skill level 5 in Poison Magic
  2111 | D:2      | Reached XP level 4. HP: 36/36 MP: 7/7
  2113 | D:2      | Found a shadowy altar of Dithmenos.
  2589 | D:3      | Found an ancient bone altar of Kikubaaqudgha.
  2884 | D:3      | Found a hazy altar of Hepliaklqana.
  2929 | D:3      | Reached XP level 5. HP: 22/42 MP: 1/9
  3390 | D:4      | Found a blossoming altar of Fedhas.
  3601 | D:4      | Reached skill level 6 in Poison Magic
  3679 | D:4      | Reached XP level 6. HP: 33/49 MP: 10/10
  4245 | D:4      | Found Tuqei's Antique Armour Shoppe.
  4518 | D:4      | Learned a level 4 spell: Olgreb's Toxic Radiance
  4554 | D:4      | Reached skill level 7 in Poison Magic
  4799 | D:4      | Reached XP level 7. HP: 55/55 MP: 12/12
  4979 | D:4      | Found Dulijuf's Armour Shop.
  5136 | D:5      | Entered Level 5 of the Dungeon
  5177 | D:5      | Slain by a bullfrog zombie

Illustrated notes

Levels and vault maps discovered:
D:1:      dpeg_arrival_erosion, layout_basic
D:2:      layout_basic, overflow_temple_1_default
D:3:      layout_rooms, lemuel_zombie_altar_kikubaaqudgha, old_standard_altar,
          first_ration, portal_sewer_entry_e, grunt_ministairs_12
D:4:      layout_gridville, fedhas_altar_2, serial_shops, shop,
          nicolae_shop_behind_doors
D:5:      minmay_skewed_foursquare, layout_loops_ring,
          nemelex_xobeh_ov_fountains_minmay, serial_shops, shop_fountains

Skill      XL: |  1  2  3  4  5  6 |
---------------+-------------------+-----
Transmutations | 2 3 4 |  4.5
Poison Magic   | 5 6 7 |  7.5
Spellcasting   | 3 |  3.6
Dodging        | |  1.5
Stealth        | |  3.0

Action                   |  1- 3 |  4- 6 |  7- 9 || total
-------------------------+-------+-------+-------++-------
Melee: Unarmed           |    19 |    53 |     2 ||    74
 Cast: Sting             |    51 |   156 |    37 ||   244
 Abil: Spit Poison       |    16 |    31 |     3 ||    50
  Eat: Chunk             |     4 |     9 |     1 ||    14
Armor: Robe              |    10 |    54 |     5 ||    69
Dodge: Dodged            |    31 |   119 |    16 ||   166
